2961 views
Uploaded 2020-02-08 17:29:17
Game version 1.32 / 1.32.1
6:55 long 2on2 ladder game on (4)HillsbradCreek
Saved by iggythefisk
2961 views
Uploaded 2020-02-08 17:29:17
Game version 1.32 / 1.32.1
6:55 long 2on2 ladder game on (4)HillsbradCreek


23 units @ 3k
/ 0.3k
16 buildings @ 2.7k
/ 0.7k

| Peon | 6 | 450 | / | 0 |
| Grunt | 1 | 200 | / | 0 |
| Troll Headhunter | 7 | 980 | / | 140 |
| total: | 14 | 1630g | / | 140w |
| Watch Tower | 1 | 110 | / | 80 |
| Altar of Storms | 1 | 180 | / | 50 |
| Orc Burrow | 3 | 480 | / | 120 |
| Barracks | 1 | 180 | / | 50 |
| War Mill | 1 | 205 | / | 0 |
| Voodoo Lounge | 1 | 130 | / | 30 |
| Stronghold | 1 | 315 | / | 190 |
| total: | 8 | 1285g | / | 330w |
| 0:09 | Altar of Storms |
| 0:10 | Peon |
| 0:10 | Peon |
| 0:15 | Orc Burrow |
| 0:20 | Peon |
| 0:31 | Peon |
| 0:51 | Peon |
| 1:16 | Barracks |
| 1:39 | Peon |
| 1:46 | War Mill |
| 2:01 | Orc Burrow |
| 2:15 | Mirror Image |
| 2:26 | Grunt |
| 3:06 | Watch Tower |
| 3:22 | Troll Headhunter |
| 3:22 | Troll Headhunter |
| 3:26 | Steel Ranged Weapons |
| 3:47 | Troll Headhunter |
| 4:06 | Wind Walk |
| 4:10 | Troll Headhunter |
| 4:13 | Steel Armor |
| 4:22 | Orc Burrow |
| 5:15 | Troll Headhunter |
| 5:18 | Voodoo Lounge |
| 5:30 | Stronghold |
| 6:22 | Troll Headhunter |
| 6:38 | Troll Headhunter |
| Select | 208 |
| Right click | 197 |
| Build/train/purchase | 23 |
| Misc. action | 20 |
| Remove unit | 1 |

| Rod of Necromancy | 1 | 150 |
| Dust of Appearance | 1 | 75 |
| total: | 2 | 225g |
| Acolyte | 2 | 150 | / | 0 |
| Ghoul | 3 | 360 | / | 0 |
| Crypt Fiend | 4 | 860 | / | 160 |
| total: | 9 | 1370g | / | 160w |
| Spirit Tower | 1 | 145 | / | 40 |
| Nerubian Tower | 1 | 100 | / | 20 |
| Altar of Darkness | 1 | 180 | / | 50 |
| Ziggurat | 3 | 450 | / | 150 |
| Crypt | 2 | 400 | / | 100 |
| Graveyard | 1 | 215 | / | 0 |
| Tomb of Relics | 1 | 130 | / | 30 |
| Halls of the Dead | 1 | 320 | / | 210 |
| total: | 8 | 1375g | / | 330w |
| 0:10 | Altar of Darkness |
| 0:15 | Ziggurat |
| 0:16 | Acolyte |
| 0:16 | Acolyte |
| 0:42 | Crypt |
| 1:22 | Graveyard |
| 1:30 | Tomb of Relics |
| 1:47 | Ghoul |
| 1:47 | Ghoul |
| 2:01 | Ziggurat |
| 2:13 | Death Coil |
| 2:35 | Rod of Necromancy |
| 2:54 | Crypt Fiend |
| 3:29 | Crypt Fiend |
| 3:29 | Crypt Fiend |
| 3:45 | Spirit Tower |
| 3:47 | Nerubian Tower |
| 3:50 | Dust of Appearance |
| 4:20 | Halls of the Dead |
| 4:35 | Ghoul |
| 4:36 | Crypt Fiend |
| 5:19 | Ziggurat |
| 5:29 | Crypt |
| Right click | 310 |
| Select | 106 |
| Misc. action | 26 |
| Select group | 23 |
| Build/train/purchase | 22 |
| Assign group | 8 |
| Use ability | 3 |
| Remove unit | 2 |
32 units @ 3.1k
/ 0.1k
19 buildings @ 3.3k
/ 1.3k


| Wisp | 14 | 840 | / | 0 |
| Archer | 6 | 780 | / | 60 |
| total: | 20 | 1620g | / | 60w |
| Altar of Elders | 1 | 180 | / | 50 |
| Moon Well | 5 | 900 | / | 200 |
| Ancient of War | 1 | 150 | / | 60 |
| Tree of Life | 1 | 340 | / | 185 |
| Hunter's Hall | 1 | 210 | / | 100 |
| Ancient of Wonders | 1 | 90 | / | 30 |
| Ancient of Lore | 2 | 310 | / | 290 |
| Tree of Ages | 1 | 320 | / | 180 |
| total: | 12 | 2180g | / | 915w |
| 0:01 | Wisp |
| 0:03 | Altar of Elders |
| 0:09 | Wisp |
| 0:16 | Moon Well |
| 0:26 | Wisp |
| 0:39 | Wisp |
| 0:50 | Wisp |
| 0:55 | Ancient of War |
| 0:57 | Wisp |
| 1:08 | Wisp |
| 1:26 | Wisp |
| 1:49 | Wisp |
| 1:53 | Moon Well |
| 1:56 | Archer |
| 2:07 | Entangling Roots |
| 2:26 | Tree of Ages |
| 2:51 | Archer |
| 2:55 | Moon Well |
| 3:10 | Archer |
| 3:26 | Archer |
| 4:01 | Tree of Life |
| 4:12 | Archer |
| 4:15 | Hunter's Hall |
| 4:20 | Thorns Aura |
| 4:32 | Moon Well |
| 4:33 | Moon Well |
| 5:06 | Frost Arrows |
| 5:18 | Ancient of Lore |
| 5:28 | Wisp |
| 5:39 | Wisp |
| 5:46 | Entangling Roots |
| 6:00 | Archer |
| 6:06 | Ancient of Lore |
| 6:08 | Ancient of Wonders |
| 6:12 | Wisp |
| 6:12 | Wisp |
| 6:12 | Wisp |
| Right click | 385 |
| Select group | 226 |
| Select | 213 |
| Assign group | 38 |
| Build/train/purchase | 29 |
| Use ability | 9 |
| Remove unit | 1 |


| Healing Salve | 2 | 200 |
| Lesser Clarity Potion | 1 | 70 |
| Boots of Speed | 1 | 250 |
| total: | 4 | 520g |
| Peon | 7 | 525 | / | 0 |
| Grunt | 5 | 1000 | / | 0 |
| total: | 12 | 1525g | / | 0w |
| Altar of Storms | 1 | 180 | / | 50 |
| Orc Burrow | 3 | 480 | / | 120 |
| Barracks | 1 | 180 | / | 50 |
| Voodoo Lounge | 1 | 130 | / | 30 |
| Beastiary | 1 | 145 | / | 140 |
| Stronghold | 1 | 315 | / | 190 |
| total: | 7 | 1115g | / | 390w |
| 0:06 | Altar of Storms |
| 0:07 | Peon |
| 0:17 | Peon |
| 0:23 | Orc Burrow |
| 0:33 | Peon |
| 0:52 | Peon |
| 0:53 | Barracks |
| 1:13 | Peon |
| 1:25 | Voodoo Lounge |
| 1:32 | Peon |
| 1:34 | Peon |
| 1:54 | Grunt |
| 1:59 | Orc Burrow |
| 2:17 | Wind Walk |
| 2:20 | Grunt |
| 2:51 | Stronghold |
| 3:07 | Healing Salve |
| 3:07 | Healing Salve |
| 3:07 | Lesser Clarity Potion |
| 3:20 | Grunt |
| 3:53 | Grunt |
| 4:04 | Boots of Speed |
| 4:23 | Orc Burrow |
| 5:08 | Critical Strike |
| 5:16 | Berserker Strength |
| 5:22 | Beastiary |
| 6:11 | Grunt |
| 6:23 | Healing Wave |
| Right click | 412 |
| Assign group | 278 |
| Select group | 133 |
| Select | 62 |
| Build/train/purchase | 30 |
| Use ability | 7 |
| Misc. action | 5 |
| Item give/drop | 3 |
| Minimap ping | 1 |
โ